 Dungeon Crawl Stone Soup version 0.25-a0-1119-g28b6fd0c3b (webtiles) character file.

Game seed: 213238758191130967, levelgen mode: deterministic

4 Maedhros the Charlatan (level 1, 0/13 HPs)
             Began as an Octopode Artificer on May 18, 2020.
             Slain by an ooze (4 damage)
             ... on level 3 of the Dungeon.
             The game lasted 00:00:30 (98 turns).

Maedhros the Charlatan (Octopode Artificer)           Turns: 98, Time: 00:00:30

Health: 0/13       AC:  1    Str: 11    XL:     1   Next: 60%
Magic:  3/3        EV: 13    Int: 13    God:
Gold:   26         SH:  0    Dex: 12    Spells: 0/0 levels left

rFire    . . .     SeeInvis .   a - +0 short sword
rCold    . . .     Gourm    .   (no shield)
rNeg     . . .     Faith    .   (helmet restricted)
rPois    .         Spirit   .   (no amulet)
rElec    .         Reflect  .   (no ring)
rCorr    .         Harm     .   (no ring)
MR       .....                  (no ring)
Stlth    +++.......             (no ring)
HPRegen  0.04/turn              (no ring)
MPRegen  0.08/turn              (no ring)
                                (no ring)
                                (no ring)

@: no status effects
A: almost no armour, stealthy swim, amphibious, 8 rings, constrict 8, camouflage
1, gelatinous body 1
a: no special abilities


You were on level 3 of the Dungeon.
You were not hungry.

You visited 1 branch of the dungeon, and saw 3 of its levels.

You collected 26 gold pieces.

Inventory:

Hand Weapons
 a - a +0 short sword (weapon)
Wands
 b - a wand of flame (15)
 c - a wand of enslavement (15)
 d - a wand of random effects (15)
Scrolls
 e - a scroll of teleportation {unknown}
Potions
 g - a potion of lignification {unknown}
Comestibles
 f - 2 rations


   Skills:
 - Level 1.0 Fighting
 - Level 1.0 Short Blades
 - Level 2.0 Dodging
 + Level 2.3 Stealth
 - Level 3.2 Evocations


You couldn't memorise any spells.
You didn't know any spells.
Your spell library was empty.

Dungeon Overview and Level Annotations

Branches:
Dungeon (3/15)

Altars:


Innate Abilities, Weirdness & Mutations

You cannot wear most types of armour.
You are very stealthy in the water. (Stealth+)
You are amphibious.
You can wear up to eight rings at the same time.
You can use your tentacles to constrict eight enemies at once.
Your skin changes colour to match your surroundings (Stealth+).
Your rubbery body absorbs attacks. (AC +1, EV +1)


Message History

You see here 11 gold pieces.
You now have 11 gold pieces.
You see here 15 gold pieces.
You now have 26 gold pieces (gained 15).
An ooze comes into view.
Unknown command.
Unknown command.
Unknown command.
Found 16 stones.
The helpless ooze fails to defend itself.
You puncture the ooze!
The ooze is almost dead.
The ooze completely misses you.
You barely miss the ooze.
The ooze is almost dead.
The ooze hits you.
You hit the ooze but do no damage.
The ooze is almost dead.
The ooze hits you.
You die...

#.#.#..# . #.#.#..#
#.# .. #.#.#..# #.#
... #.#<#..# #.#
#...##.#.#..####.#
.........#.......#
.........#..####.###
.b..............J..#
#..#.#...#..####@#
.. #.#...#..####.# #
#...........#
.....#..##..(#
......#..####.#
.##....#..# #...
......... ...... #.#
##### ######


You could see an ooze.

Vanquished Creatures
  A giant cockroach (D:2)
  A hobgoblin (D:2)
  A bat (D:2)
  A goblin (D:2)
4 creatures vanquished.

Notes
Turn   | Place    | Note
-------+----------+-------------------------------------------
     0 | D:1      | Maedhros the Octopode Artificer began the quest for the
                  | Orb.
     0 | D:1      | Reached XP level 1. HP: 13/13 MP: 3/3
    25 | D:2      | Found a faded altar of an unknown god.
    98 | D:3      | Slain by an ooze

Illustrated notes

Levels and vault maps discovered:
D:1:      dpeg_arrival_rhombus, layout_loops_ring, serial_aquarium,
          aquarium_bridge_square [aquarium_subvault_window,
          aquarium_subvault_bridge, aquarium_subvault_wall,
          aquarium_subvault_bridge], aquarium_bridge_square
          [aquarium_subvault_wall, aquarium_subvault_window,
          aquarium_subvault_window, aquarium_subvault_bridge],
          aquarium_window_2, aquarium_window_fake, aquarium_window_corridor_2,
          aquarium_view_2c, aquarium_balcony_5b, aquarium_pool_split,
          minmay_misc_feat_enclosed
D:2:      layout_rooms, first_ration, chequers_ecumenical_altar_simple,
          uniq_robin
D:3:      layout_basic, nicolae_overflow_hidden_temple,
          ashenzari_conservatory_becter

Skill      XL: |  1 |
---------------+----+-----
Stealth        | 2 |  2.3
Fighting       | |  1.0
Short Blades   | |  1.0
Dodging        | |  2.0
Evocations     | |  3.2

Action                   || total
-------------------------++-------
Melee: Short sword       ||    14
       Constrict         ||     3
       Tentacles         ||     1
 Stab: Sleeping          ||     1
Armor: Skin              ||     2
Dodge: Dodged            ||    13

Table legend:
 A = Non-vault XP
 B = Vault XP
 C = Vault XP percentage of total XP
 D = Non-vault monster count
 E = Vault monster count
 F = Vault count percentage of total count
                 A         B        C        D         E       F
            +---------+---------+-------+---------+---------+-------
      Total |       6 |       0 |   0.0 |       4 |       0 |   0.0
            +---------+---------+-------+---------+---------+-------
        D:2 |       6 |       0 |   0.0 |       4 |       0 |   0.0
            +---------+---------+-------+---------+---------+-------
